 Dungeon Crawl Stone Soup version 0.23.0 (webtiles) character file.

Game seed: 16207736532331922263

415 Hylith the Cudgeler (level 6, -10/57 HPs)
             Began as a Minotaur Berserker on Feb 12, 2019.
             Was a Believer of Trog.
             Mangled by an ice beast (14 damage)
             ... on level 5 of the Dungeon.
             The game lasted 00:06:03 (2664 turns).

Hylith the Cudgeler (Minotaur Berserker)            Turns: 2664, Time: 00:06:05

Health: -10/57     AC:  5    Str: 23    XL:     6   Next: 60%
Magic:  14/14      EV: 12    Int:  4    God:    Trog [**....]
Gold:   242        SH:  0    Dex: 10    Spells: 5/5 levels left

rFire    . . .     SeeInvis .   r - +0 flail
rCold    . . .     Gourm    .   (no shield)
rNeg     . . .     Faith    .   j - +0 leather armour
rPois    .         Spirit   .   (helmet restricted)
rElec    .         Reflect  .   (no cloak)
rCorr    .         Harm     .   q - +0 pair of gloves (curse)
MR       ++...                  n - +0 pair of boots
Stlth    +.........             (no amulet)
HPRegen  1.19/turn              p - ring of magical power
MPRegen  0.14/turn              (no ring)

@: regenerating
A: retaliatory headbutt, horns 2
a: Berserk, Trog's Hand, Renounce Religion


You were on level 5 of the Dungeon.
You worshipped Trog.
Trog was pleased with you.
You were near starving.

You visited 1 branch of the dungeon, and saw 5 of its levels.

You collected 242 gold pieces.

Inventory:

Hand Weapons
 r - a +0 flail (weapon)
Armour
 j - a +0 leather armour (worn)
 n - a +0 pair of boots (worn)
 q - a cursed +0 pair of gloves (worn)
Jewellery
 p - a ring of magical power (left hand)
 t - an uncursed amulet of faith {unknown}
 w - an uncursed ring of see invisible {unknown}
Wands
 s - a wand of digging (2)
Scrolls
 a - a scroll of fog {unknown}
 e - 9 scrolls of identify {unknown}
 k - 3 scrolls of teleportation {unknown}
 m - a scroll of magic mapping {unknown}
 o - 2 scrolls of enchant weapon {unknown}
 u - a scroll of remove curse {unknown}
Potions
 b - a potion of curing {unknown}
 d - 2 potions of ambrosia {unknown}
 f - a potion of berserk rage {unknown}
 g - 3 potions of degeneration {unknown}
 h - 2 potions of magic {unknown}
 i - 2 potions of brilliance {unknown}
 l - a potion of flight {unknown}
 v - a potion of agility {unknown}
Comestibles
 c - 5 rations


   Skills:
 + Level 5.9 Fighting
 + Level 6.9 Maces & Flails
 + Level 3.5 Armour
 - Level 3.0 Dodging


You had 5 spell levels left.
You didn't know any spells.
Your spell library was empty.

Dungeon Overview and Level Annotations

Branches:
Dungeon (5/15)
 Temple: D:4-7

Altars:
Makhleb
Ru
Trog
Yredelemnul


Innate Abilities, Weirdness & Mutations

You reflexively headbutt those who attack you in melee.
You have a pair of horns on your head.


Message History

The ice beast closely misses you.
The worker ant zombie barely misses you.
You hit the ice beast but do no damage.
The ice beast is severely wounded.
The ice beast hits you. The ice beast freezes you.
The worker ant zombie barely misses you.
You furiously retaliate!
You headbutt the worker ant zombie!
You destroy the worker ant zombie!
Trog accepts your kill.
You barely miss the ice beast.
The ice beast is severely wounded.
The ice beast closely misses you.
You hit the ice beast. Your headbutt misses the ice beast.
The ice beast is almost dead.
The iguana bites you!
* * * LOW HITPOINT WARNING * * *
The ice beast hits you.
* * * LOW HITPOINT WARNING * * *
The ice beast freezes you!
You die...

#### ... ..# #
.. # #.
.####.<
#.#.###.......
#......Y......
#<@l%.....
#####....# [.+
#


You could see an ice beast and an iguana.

Vanquished Creatures
  A phantom (D:4)
  Jessica (D:2)
  A centaur skeleton (D:4)
  Natasha (thrice) (D:3)
  Terence (D:3)
  3 worker ants (D:4)
  A worker ant zombie (D:5)
  3 adders
  3 worms
  2 dart slugs
  5 leopard geckos
  3 orcs (D:3)
  2 giant cockroaches
  5 goblins
  5 hobgoblins
  A quokka (D:2)
  6 bats
  3 frilled lizards
  4 kobolds
  4 rats
57 creatures vanquished.

Notes
Turn   | Place    | Note
-------+----------+-------------------------------------------
     0 | D:1      | Hylith the Minotaur Berserker began the quest for the Orb.
     0 | D:1      | Reached XP level 1. HP: 19/19 MP: 0/0
    71 | D:1      | You fall through a shaft!
    71 | D:2      | Noticed Jessica
    80 | D:2      | Killed Jessica
    80 | D:2      | Reached skill level 4 in Maces & Flails
    80 | D:2      | Reached XP level 2. HP: 9/28 MP: 1/1
    80 | D:2      | Reached XP level 3. HP: 12/34 MP: 2/2
   870 | D:2      | Reached XP level 4. HP: 33/41 MP: 3/3
   996 | D:2      | Found a basalt altar of Yredelemnul.
  1160 | D:2      | Found a sacrificial altar of Ru.
  1495 | D:3      | Reached ** piety under Trog
  1641 | D:3      | Reached skill level 5 in Maces & Flails
  1766 | D:3      | Noticed Natasha
  1767 | D:3      | Noticed Terence
  1770 | D:3      | Killed Natasha
  1770 | D:3      | Reached skill level 5 in Fighting
  1772 | D:3      | Killed Terence
  1772 | D:3      | Reached XP level 5. HP: 37/48 MP: 4/4
  1921 | D:3      | Noticed Natasha
  1925 | D:3      | Killed Natasha
  1948 | D:3      | Noticed Natasha
  1953 | D:3      | Killed Natasha
  1992 | D:4      | Reached skill level 6 in Maces & Flails
  2146 | D:4      | Reached XP level 6. HP: 53/56 MP: 5/5
  2252 | D:4      | Found a bloodstained altar of Trog.
  2592 | D:4      | Found a burning altar of Makhleb.
  2647 | D:5      | Entered Level 5 of the Dungeon
  2647 | D:5      | Noticed an ice beast
  2664 | D:5      | Mangled by an ice beast

Skill      XL: |  1  2  3  4  5 |
---------------+----------------+-----
Fighting       | 4 5 |  5.9
Maces & Flails | 4 5 6 |  6.9
Dodging        | 3 |  3.0
Armour         | 3 |  3.5

Action                   |  1- 3 |  4- 6 || total
-------------------------+-------+-------++-------
Melee: Mace              |    51 |    27 ||    78
       Headbutt          |     6 |    17 ||    23
       Flail             |       |    87 ||    87
Invok: Trog's Hand       |       |     1 ||     1
  Eat: Chunk             |       |     4 ||     4
Armor: Animal skin       |     2 |       ||     2
       Leather armour    |     3 |    39 ||    42
Dodge: Dodged            |    32 |    79 ||   111
